AoeStats
← Cuervo

Arabia

509004955Analyzed
3v3 RM · 7d ago on Sep 25, 2026· 103m 55s· 6 players
Game mode
Random Map
Map size
Normal (6 player)
Population
200
Speed
Normal
Resources
Standard
Victory
Conquest
Starting age
Dark Age
Ending age
Imperial Age
RankedLock teamsTeams togetherTeam positionsShared explorationLock speedFull tech treeHidden civsTurbo modeCheats
Victory
Defeat
🇨🇱 Saxons · Chile
1184
+14
🇦🇷 Georgians · Argentina
1101
+18
🇦🇷 Turks · Argentina
1086
+18
🇺🇸 Danes · United States
1194
-19
🇺🇸 Franks · United States
1176
-18
🇺🇸 Vietnamese · United States
1046
-13
Gitu
2:59 Loom
11:17 Feudal Age
11:53 Double-Bit Axe
11:50 Horse Collar
22:24 Castle Age
21:07 Fletching
22:49 Padded Archer Armor
23:52 Bow Saw
23:44 Heavy Plow
28:27 Bodkin Arrow
28:48 Leather Archer Armor
29:49 Ballistics
39:23 Imperial Age
40:42 Masonry
43:27 Stone Mining
43:27 Gold Mining
44:57 Wheelbarrow
46:29 Two-Man Saw
45:46 Heavy Camel Rider
46:37 Bloodlines
48:12 Scale Barding Armor
48:18 Forging
56:44 Theocracy
64:46 Murder Holes
82:08 Husbandry
93:44 Chain Barding Armor
Cuervo
7:00 Loom
8:46 Feudal Age
10:10 Double-Bit Axe
11:04 Horse Collar
20:42 Castle Age
20:04 Bloodlines
21:35 Forging
21:31 Scale Barding Armor
22:12 Husbandry
22:31 Bow Saw
23:38 Gold Mining
26:21 Iron Casting
26:08 Chain Barding Armor
29:33 Elite Skirmisher
31:44 Heavy Plow
35:40 Wheelbarrow
38:32 Imperial Age
38:27 Hand Cart
38:58 Cavalier
39:41 Stone Mining
43:10 Blast Furnace
42:46 Plate Barding Armor
42:02 Fletching
42:12 Padded Archer Armor
48:00 Town Watch
49:19 Chemistry
48:25 Siege Engineers
48:42 Ballistics
48:24 Bodkin Arrow
48:45 Leather Archer Armor
49:40 Conscription
49:29 Aznauri Cavalry
49:53 Light Cavalry
50:53 Hussar
55:53 Stone Shaft Mining
56:10 Town Patrol
56:13 Bracer
67:29 Scale Mail Armor
68:09 Pikeman
68:50 Squires
68:35 Gambesons
70:25 Chain Mail Armor
69:35 Halberdier
96:06 Plate Mail Armor
VZ | Thyrfing
6:03 Loom
9:06 Feudal Age
12:30 Double-Bit Axe
17:39 Fletching
19:12 Horse Collar
20:50 Padded Archer Armor
21:05 Gold Mining
26:02 Castle Age
26:15 Crossbowman
27:03 Thumb Ring
27:01 Bodkin Arrow
28:39 Wheelbarrow
29:43 Leather Archer Armor
31:00 Ballistics
34:54 Heavy Plow
41:04 Imperial Age
41:39 Gold Shaft Mining
41:26 Hand Cart
41:51 Arbalester
42:36 Bracer
43:06 Ring Archer Armor
43:47 Chemistry
53:22 Forging
53:13 Scale Mail Armor
53:59 Pikeman
54:11 Elite Varangian Guard
55:55 Arson
56:11 Squires
56:37 Chain Mail Armor
56:57 Iron Casting
59:05 Plate Mail Armor
63:17 Conscription
63:14 Masonry
63:14 Halberdier
66:01 Gambesons
67:11 Crop Rotation
74:34 Elite Skirmisher
91:37 Caravan
animaldude69
9:58 Feudal Age
12:30 Loom
13:35 Double-Bit Axe
19:30 Castle Age
17:26 Gold Mining
19:40 Fletching
19:52 Padded Archer Armor
21:02 Bodkin Arrow
21:31 Bow Saw
24:56 Ballistics
25:31 Husbandry
26:47 Leather Archer Armor
28:06 Town Watch
30:44 Wheelbarrow
32:53 Hand Cart
32:52 Town Patrol
39:56 Imperial Age
37:21 Elite Skirmisher
38:02 Ordonnance Companies
39:02 Scale Barding Armor
39:52 Coinage
41:32 Conscription
41:38 Chain Barding Armor
41:29 Forging
42:06 Gold Shaft Mining
40:55 Cranequins
41:26 Heavy Mounted Crossbowman
43:53 Plate Barding Armor
43:54 Iron Casting
47:45 Cavalier
48:34 Stone Mining
49:06 Paladin
55:20 Banking
57:13 Light Cavalry
62:23 Blast Furnace
61:24 Scale Mail Armor
61:23 Elite Skirmisher
62:51 Murder Holes
63:56 Chemistry
62:37 Treadmill Crane
63:02 Siege Engineers
63:07 Masonry
62:43 Imperial Skirmisher
64:45 Squires
64:06 Pikeman
65:03 Chain Mail Armor
66:45 Plate Mail Armor
68:25 Hoardings
68:47 Architecture
69:31 Gambesons
69:32 Arson
71:14 Halberdier
74:18 Chivalry
79:36 Fortified Wall
AnimeSandwich
5:56 Loom
9:12 Feudal Age
10:03 Double-Bit Axe
15:47 Wheelbarrow
17:40 Horse Collar
19:52 Fletching
23:08 Castle Age
23:26 Padded Archer Armor
23:18 Crossbowman
24:03 Bodkin Arrow
24:43 Bow Saw
25:18 Leather Archer Armor
25:38 Thumb Ring
29:51 Town Watch
30:23 Scale Mail Armor
30:31 Scale Barding Armor
30:40 Heavy Plow
36:33 Ballistics
41:24 Imperial Age
39:29 Chain Barding Armor
39:21 Forging
40:56 Hand Cart
41:03 Stone Mining
41:04 Gold Mining
43:46 Two-Man Saw
43:12 Elite Battle Elephant
44:56 Elite Skirmisher
46:57 Crop Rotation
46:51 Imperial Skirmisher
47:53 Chatras
48:30 Hoardings
50:24 Plate Barding Armor
50:25 Iron Casting
53:56 Ring Archer Armor
53:27 Bracer
71:13 Guilds
72:42 Chemistry
72:51 Masonry
72:23 Treadmill Crane
73:20 Hoardings
77:13 Siege Engineers
88:57 Husbandry
89:08 Bloodlines
Sarren
7:15 Loom
9:12 Feudal Age
10:56 Double-Bit Axe
15:38 Wheelbarrow
18:20 Horse Collar
21:26 Castle Age
19:23 Gold Mining
21:16 Fletching
21:27 Padded Archer Armor
22:04 Bodkin Arrow
22:32 Bow Saw
21:43 Elite Skirmisher
27:35 Heavy Plow
27:55 Hand Cart
27:55 Town Watch
28:19 Thumb Ring
27:44 Pikeman
28:54 Padded Archer Armor
30:48 Ballistics
31:10 Leather Archer Armor
33:29 Squires
33:32 Scale Mail Armor
33:43 Forging
36:39 Imperial Age
35:03 Masonry
35:43 Gold Shaft Mining
37:25 Chain Mail Armor
37:46 Iron Casting
37:35 Bracer
39:21 Conscription
40:54 Imperial Skirmisher
42:36 Stone Mining
44:57 Chemistry
44:39 Murder Holes
44:49 Siege Engineers
44:15 Halberdier
46:52 Northmen's Fury
49:06 Ring Archer Armor
51:43 Plate Mail Armor
51:21 Fishing Lines
55:34 Hoardings
56:40 Gillnets
57:31 Onager
62:59 Capped Ram
64:55 Siege Ram
72:20 Caravan
75:20 Hoardings
87:01 Elite Varangian Guard
88:38 Arson
88:40 Gambesons
89:10 Elite Varangian Guard
98:07 Iron Casting
Connection lost

Rejoining the realm…

Still unreachable

The connection could not be restored.

Session expired

The server has moved on; the page needs a fresh start.